 Dungeon Crawl Stone Soup version 0.30-a0-1157-g2cc9ac7196 (webtiles) character file.

Game seed: 11317686404898341896

122 Newt the Trooper (level 4, -1/37 HPs)
             Began as a Demonspawn Gladiator on Apr 24, 2023.
             Slain by a hound (2 damage)
             ... on level 4 of the Dungeon.
             The game lasted 00:02:42 (2758 turns).

Newt the Trooper (Demonspawn Gladiator)             Turns: 2758, Time: 00:02:43

Health: -1/37      AC:  5    Str: 17    XL:     4   Next: 78%
Magic:  4/4        EV: 12    Int:  9    God:
Gold:   122        SH:  0    Dex: 14    Spells: 3/3 levels left

rFire   . . .        a - +0 rapier
rCold   . . .        u - orb {*Rage}
rNeg    . . .        b - +0 leather armour
rPois   .            c - +1 helmet
rElec   .            (no cloak)
rCorr   .            (no gloves)
SInv    .            (no boots)
Will    .....        (no amulet)
Stlth   +            (no ring)
HPRegen 0.26/turn    (no ring)
MPRegen 0.09/turn

%: random rage (20%)
@: no status effects
A: powered by death 1, powered by pain 1
a: no special abilities


You were on level 4 of the Dungeon.
You visited 1 branch of the dungeon, and saw 4 of its levels.

You collected 122 gold pieces.

Inventory:

Hand Weapons
 a - a +0 rapier (weapon)
Missiles
 n - 6 poisoned darts (quivered)
 p - 4 stones
Armour
 b - a +0 leather armour (worn)
 c - a +1 helmet (worn)
 u - an orb of wrath (worn)
Wands
 r - a wand of digging (9)
Scrolls
 f - 2 scrolls of magic mapping
 h - a scroll of amnesia
 q - a scroll of enchant armour
Potions
 g - a potion of might
 i - 2 potions of heal wounds {unknown}
 j - 2 potions of curing {unknown}
 k - a potion of resistance {unknown}
 l - a potion of degeneration {unknown}
 m - 4 potions of attraction
 o - a potion of cancellation {unknown}


   Skills:
 - Level 4.0 Fighting
 - Level 2.6 Short Blades
 + Level 3.3 Throwing
 - Level 2.6 Dodging


You had 3 spell levels left.
You didn't know any spells.
Your spell library contained the following spells:

 Spells                   Type           Power      Damage    Failure   Level
 Inner Flame              Hex/Fire       0%         N/A       83%         3
 Anguish                  Hex/Necr       0%         N/A       99%         4
 Summon Lightning Spire   Summ/Air       0%         N/A       99%         4
 Yara's Violent Unravell  Hex/Tmut       0%         3d3       100%        5
 Plasma Beam              Fire/Air       0%         2x1d11    100%        6
 Enfeeble                 Hex            0%         N/A       100%        7
 Chain Lightning          Conj/Air       0%         N/A       100%        9


Dungeon Overview and Level Annotations

Branches:
Dungeon (4/15)
 Temple: D:4-7

Altars:

Shops:
D:1 =


Innate Abilities, Weirdness & Mutations

You regenerate a little health from kills.
You sometimes gain a little power by taking damage.


Message History

Throw: 3 throwing nets
Press: ? - help, Q - select action, (/) - cycle Shift-Dir - straight line, f/p - hound
Aim: a hound (lightly wounded, 51% to hit)
You throw a throwing net. The throwing net hits the gnoll.
The gnoll is caught in the net!
The gnoll is moderately wounded.
The gnoll struggles against the net.
Things that are here:
a +0 dagger; a +0 robe; an orc corpse You hit the gnoll.
The gnoll is heavily wounded.
The gnoll struggles against the net.
You puncture the gnoll!
You kill the gnoll!
You barely miss the hobgoblin. The hobgoblin hits you.
* * * LOW HITPOINT WARNING * * *
The hobgoblin hits you but does no damage.
You hit the hobgoblin but do no damage. The hobgoblin hits you.
* * * LOW HITPOINT WARNING * * *
Throw: 2 throwing nets
Press: ? - help, Q - select action, (/) - cycle Shift-Dir - straight line, f/p - hound
Aim: a hound (lightly wounded, 51% to hit)
You throw a throwing net. The throwing net hits the hobgoblin.
The hobgoblin is caught in the net!
Unknown command.
You hit the hobgoblin but do no damage.
The hobgoblin struggles against the net. x2
You catch the helpless hobgoblin completely off-guard!
You puncture the hobgoblin!
You kill the hobgoblin!
The hound bites you.
* * * LOW HITPOINT WARNING * * *
Okay, then.
Throw: throwing net
Press: ? - help, Q - select action, (/) - cycle Shift-Dir - straight line, f/p - hound
Aim: a hound (lightly wounded, 51% to hit)
You throw a throwing net.
The throwing net completely misses the hound.
The hound bites you.
You die...

# ### #. ..#
#.###.#
.##...#.# ###
.......>#
#.####
........#
#....#######
#)#
#.#........#
#@#
#.###..###.##
#h#
#.#....<.....
#.#
#.#.######.#. #
#.####.#.
#......# #
#.###### #.
#(....# ######
#'###'###(....#
......
..............#


You could see a hound.

Vanquished Creatures
  An orc wizard (D:4)
  3 gnolls
  A white imp (D:4)
  A worm (D:2)
  4 dart slugs
  An orc (D:4)
  6 ball pythons
  5 endoplasms
  4 giant cockroaches
  6 goblins
  3 hobgoblins
  3 jackals (D:2)
  A kobold (D:1)
  2 quokkas
  A bat (D:1)
  2 frilled lizards
  5 rats
49 creatures vanquished.

Notes
Turn   | Place    | Note
-------+----------+-------------------------------------------
     0 | D:1      | Newt the Demonspawn Gladiator began the quest for the Orb.
     0 | D:1      | Reached XP level 1. HP: 16/16 MP: 1/1
   119 | D:1      | Found Bubagro's Jewellery Shoppe.
   344 | D:1      | Gained mutation: You regenerate a little health from kills.
                  | [demonic ancestry]
   344 | D:1      | Reached XP level 2. HP: 23/23 MP: 2/2
   443 | D:1      | Got Sif Muna's Compilation of Aeromancy
   451 | D:1      | Noticed a floating eye
   453 | D:1      | Found a faded altar of an unknown god.
   455 | D:1      | Noticed a great orb of eyes
   455 | D:1      | Noticed a golden eye
   455 | D:1      | Noticed a great orb of eyes
   597 | D:1      | You fall into a shaft and drop 1 floor!
   610 | D:2      | Reached skill level 3 in Fighting
  1069 | D:2      | Gained mutation: You sometimes gain a little power by
                  | taking damage. [demonic ancestry]
  1069 | D:2      | Reached XP level 3. HP: 29/29 MP: 3/3
  1981 | D:3      | Reached skill level 4 in Fighting
  2634 | D:3      | Reached XP level 4. HP: 37/37 MP: 4/4
  2757 | D:4      | HP: 1/37 [hound (3)]
  2758 | D:4      | Slain by a hound

Illustrated notes

Levels and vault maps discovered:
D:1:      grunt_arrival_crossed_arrows, layout_basic,
          hellmonk_ecumenical_altar_watching_god, serial_shops, shop_statue,
          serial_park_tiny_1
D:2:      layout_loops_corners
D:3:      layout_rooms, chequers_serial_rivers_small_b, kennysheep_nub
D:4:      layout_basic, nicolae_yredelemnul_corpse_copse, uniq_ijyb,
          uniq_grinder

Skill      XL: |  1  2  3  4 |
---------------+-------------+-----
Fighting       | 3 4 |  4.0
Throwing       | 2 3 |  3.3
Short Blades   | |  2.6
Dodging        | |  2.6

Action                     |  1- 3 |  4- 6 || total
---------------------------+-------+-------++-------
  Melee: Rapier            |   142 |    27 ||   169
         Punch             |     1 |       ||     1
  Throw: Throwing net      |       |     3 ||     3
         Javelin           |       |     1 ||     1
    Use: Scroll            |     9 |       ||     9
         Potion            |     1 |       ||     1
   Stab: Sleeping          |     1 |       ||     1
         Held in net/web   |       |     1 ||     1
 Armour: Leather armour    |    46 |    11 ||    57
  Dodge: Dodged            |   108 |    20 ||   128

Table legend: (Time is in decaauts)
 A = Elapsed time spent in this place.
 B = Non-inter-level travel time spent in this place.
 C = Inter-level travel time spent in this place.
 D = Time resting spent in this place.
 E = Time spent auto-exploring this place.
 F = Levels seen in this place.
 G = Mean time per level.
                   A        B        C        D        E       F      G
               +--------+--------+--------+--------+--------+-----+--------+
         Total |   2806 |   2647 |    159 |    216 |   1985 |   4 |  701.5 |
       Dungeon |   2806 |   2647 |    159 |    216 |   1985 |   4 |  701.5 |
               +--------+--------+--------+--------+--------+-----+--------+

Top non-repeatable levels by time:
     D:2: 1100 daAuts
     D:1: 856 daAuts
     D:3: 709 daAuts
     D:4: 139 daAuts
